 Dungeon Crawl Stone Soup version 0.21-a0-513-gdcb3f5e (webtiles) character file.

49 Gerstahl the Slasher (level 3, 0/34 HPs)
             Began as a Naga Gladiator on Dec 1, 2017.
             Slain by a worm (6 damage)
             ... on level 2 of the Dungeon.
             The game lasted 00:01:12 (629 turns).

Gerstahl the Slasher (Naga Gladiator)                Turns: 629, Time: 00:01:13

Health: 0/34       AC:  3    Str: 16    XL:     3   Next: 75%
Magic:  3/3        EV: 10    Int:  8    God:
Gold:   35         SH:  0    Dex: 13    Spells: 2/2 levels left

rFire    . . .     SeeInvis +   a - +0 long sword
rCold    . . .     Gourm    .   (no shield)
rNeg     . . .     Faith    .   b - +0 leather armour
rPois    +         Spirit   .   c - +0 helmet
rElec    .         Reflect  .   (no cloak)
rCorr    .         Harm     .   (no gloves)
MR       .....                  (no barding)
Stlth    +.........             (no amulet)
HPRegen  0.11/turn              (no ring)
MPRegen  0.08/turn              (no ring)

@: short of breath, very slow
A: large, see invisible, deformed body, poison resistance, slowness 2, slow
metabolism 1, spit poison 1, AC +1
a: Spit Poison


You were on level 2 of the Dungeon.
You were not hungry.

You visited 1 branch of the dungeon, and saw 2 of its levels.

You collected 35 gold pieces.

Inventory:

Hand Weapons
 a - a +0 long sword (weapon)
Missiles
 d - 3 throwing nets (quivered)
Armour
 b - a +0 leather armour (worn)
 c - a +0 helmet (worn)
Scrolls
 g - a scroll of magic mapping {unknown}
 h - 3 scrolls of identify {unknown}
 m - a scroll of remove curse {unknown}
 n - a scroll of random uselessness {unknown}
 o - a scroll of enchant weapon {unknown}
 p - a scroll of amnesia {unknown}
Potions
 e - 2 potions of cancellation {unknown}
 i - a potion of heal wounds {unknown}
 k - a potion of might {unknown}
 l - 2 potions of curing {unknown}
Comestibles
 f - 2 bread rations
 j - a meat ration


   Skills:
 + Level 3.1 Fighting
 + Level 3.8 Long Blades
 - Level 1.7 Throwing
 - Level 2.4 Dodging


You had 2 spell levels left.
You didn't know any spells.

Dungeon Overview and Level Annotations

Branches:
Dungeon (2/15)

Altars:


Innate Abilities, Weirdness & Mutations

You cannot wear boots.
Your serpentine skin is tough. (AC +1)
You have supernaturally acute eyesight. (SInv)
Armour fits poorly on your strangely shaped body.
Your system is resistant to poisons. (rPois)
You cover ground very slowly.
You have a slow metabolism.
You can spit poison.


Message History

You barely miss the rat.
You have got your breath back.
The rat bites you.
* * * LOW HITPOINT WARNING * * *
The worm completely misses you.
You riposte.
You barely miss the worm.
The worm is moderately wounded.
The rat closely misses you.
You barely miss the rat. The worm bites you.
* * * LOW HITPOINT WARNING * * *
The rat misses you.
You riposte.
You hit the rat.
You kill the rat!
Press: ? - help, Shift-Dir - straight line, f/p - worm
Aim: a worm (moderately wounded)
The splash of poison hits the worm.
The worm is severely wounded.
You feel slightly more hungry.
You hit the worm.
The worm is almost dead.
The worm bites you.
You die...

#..####### #.##
#.#######
########.......#
.........#####.#
#######...## #.#
#....#.# #.#
#.#.#.## #w#
###.##.#####@#
.............†#
.###.#######..#
# #..# #..# #..#
.... ..... #..##


You could see a worm.

Vanquished Creatures
  An adder (D:2)
  An ooze (D:1)
  2 dart slugs
  2 leopard geckos
  6 bats
  2 giant cockroaches
  3 goblins (D:1)
  4 hobgoblins (D:1)
  3 kobolds (D:1)
  3 rats (D:2)
27 creatures vanquished.

Notes
Turn   | Place    | Note
-------+----------+-------------------------------------------
     0 | D:1      | Gerstahl the Naga Gladiator began the quest for the Orb.
     0 | D:1      | Reached XP level 1. HP: 19/19 MP: 1/1
    13 | D:1      | Reached XP level 2. HP: 20/27 MP: 2/2
   265 | D:1      | Reached XP level 3. HP: 23/33 MP: 3/3
   629 | D:2      | Slain by a worm

Vault maps used:
D:1:      scummos_arrival_checkerplants, minmay_misc_feat_roman
D:2:      chequers_temple_overflow_statue_of_worship, first_bread

Skill      XL: |  1  2  3 |
---------------+----------+-----
Fighting       | 3 |  3.1
Long Blades    | |  3.8
Throwing       | |  1.7
Dodging        | |  2.4

Action                   || total
-------------------------++-------
Melee: Long sword        ||    59
 Abil: Spit Poison       ||     5
 Stab: Sleeping          ||     2
Armor: Leather armour    ||    23
Dodge: Dodged            ||    56
       Rpst.: Long sword ||    24

Table legend:
 A = Spawn XP
 B = Non-spawn XP
 C = Spawn XP percentage of total XP
 D = Spawn monster count
 E = Non-spawn monster count
 F = Spawn count percentage of total count
 G = Total turns spent on level
                    A         B        C        D         E        F      G
               +---------+---------+-------+---------+---------+-------+---------
         Total |       0 |      70 |   0.0 |       0 |      27 |   0.0 |   629
               +---------+---------+-------+---------+---------+-------+---------
           D:1 |       0 |      43 |   0.0 |       0 |      19 |   0.0 |   516
           D:2 |       0 |      27 |   0.0 |       0 |       8 |   0.0 |   113
               +---------+---------+-------+---------+---------+-------+---------
